 Dungeon Crawl Stone Soup version 0.31-a0-819-gf6de2f5ab6 (webtiles) character file.

Game seed: 15340365915395842735

32 Kurtz the Chopper (level 3, -5/26 HPs)
             Began as an Octopode Fighter on Sept 25, 2023.
             Killed from afar by Ijyb (11 damage)
             ... with a puff of flame
             ... on level 2 of the Dungeon.
             The game lasted 00:00:34 (1140 turns).

Kurtz the Chopper (Octopode Fighter)                Turns: 1140, Time: 00:00:35

Health: -5/26      AC:  1    Str: 15    XL:     3   Next: 27%
Magic:  3/3        EV: 13    Int: 10    God:
Gold:   107        SH:  4    Dex: 13    Spells: 2/2 levels left

rFire   . . .        a - +0 war axe
rCold   . . .        b - +0 buckler
rNeg    . . .        (helmet restricted)
rPois   .            (no amulet)
rElec   .            (no ring)
rCorr   .            (no ring)
SInv    .            (no ring)
Will    .....        (no ring)
Stlth   ++           (no ring)
HPRegen 0.24/turn    (no ring)
MPRegen 0.08/turn    (no ring)
                     (no ring)

%: no passive effects
@: no status effects
A: almost no armour, amphibious, 8 rings, camouflage 1, gelatinous body 1,
(nimble swimmer 1), tentacles
a: no special abilities


You were on level 2 of the Dungeon.
You visited 1 branch of the dungeon, and saw 2 of its levels.

You collected 107 gold pieces.

Inventory:

Hand Weapons
 a - a +0 war axe (weapon)
Armour
 b - a +0 buckler (worn)
Jewellery
 j - a ring of positive energy
Scrolls
 e - 2 scrolls of teleportation {unknown}
 f - 2 scrolls of blinking {unknown}
 h - a scroll of silence {unknown}
 i - a scroll of amnesia {unknown}
Potions
 c - a potion of might
 d - a potion of heal wounds {unknown}
 g - a potion of attraction {unknown}


   Skills:
 - Level 3.0 Fighting
 * Level 3.6 Axes
 - Level 3.0 Dodging
 - Level 3.0 Shields


You had 2 spell levels left.
You didn't know any spells.
Your spell library was empty.

Dungeon Overview and Level Annotations

Branches:
Dungeon (2/15)

Altars:
The Shining One

Shops:
D:1 !

Annotations:
D:2 Ijyb


Innate Abilities, Weirdness & Mutations

You cannot wear most types of armour.
You are amphibious.
You can wear up to eight rings at the same time.
Your skin changes colour to match your surroundings (Stealth+).
Your rubbery body absorbs attacks. (AC +1, EV +1)
((You are camouflaged when in or above water. (Stealth+)))
You have tentacles for arms and can constrict up to eight enemies at once.


Message History

Ijyb is lightly wounded.
You closely miss the goblin. You constrict Ijyb, but do no damage.
You block the goblin's attack. Ijyb screams, "I cut your head off!"
Ijyb misses you.
Unknown command.
You hit Ijyb. Your squeeze misses Ijyb.
Ijyb is lightly wounded.
You barely miss the goblin. You hit the goblin.
You constrict Ijyb, but do no damage. The goblin hits you with a +0 dagger.
Ijyb barely misses you. The goblin hits you with a +0 dagger.
The goblin hits you but does no damage. The goblin closely misses you.
Ijyb closely misses you.
You closely miss the goblin. Your grab misses the goblin.
You squeeze the goblin.
You kill the goblin!
You closely miss the goblin. You hit Ijyb but do no damage. You hit the goblin.
You closely miss the goblin. You constrict Ijyb.
The goblin hits you but does no damage. The goblin barely misses you.
Ijyb closely misses you. You block the goblin's attack.
You hit the goblin.
You kill the goblin!
You hit Ijyb but do no damage. You hit the goblin.
You kill the goblin!
You hit the goblin but do no damage. You closely miss the goblin.
You constrict Ijyb. The goblin hits you with a +0 club.
Ijyb hits you with a +0 dagger. The goblin hits you with a +0 dagger.
You are too injured to fight recklessly!
You are too injured to fight recklessly!
Unknown command.
You are too injured to fight recklessly!
You hit Ijyb but do no damage.
Ijyb is moderately wounded.
You hit the goblin. You slash the goblin!
You kill the goblin!
You constrict Ijyb, but do no damage. The goblin hits you with a +0 dagger.
Ijyb hits you but does no damage. The goblin hits you with a +0 dagger.
* * * LOW HITPOINT WARNING * * *
Ijyb zaps a wand.
The puff of flame hits you!
You die...

#.##.# ##.....##
#....# ##.......##
###....###.........#
..(......+.........+
###...####.........##
##..# ##.........#
#.# ##........# .#
##8.....8# ##
#..)@)..# #8.)gg(8#
#.......# #8.....8#
#.......# #8.....8#
#..).)..# #########


You could see Ijyb and a goblin.

Vanquished Creatures
  A worm (D:2)
  2 bats
  5 endoplasms (D:2)
  8 goblins (D:2)
  2 hobgoblins
  A quokka (D:1)
  4 ball pythons
  2 frilled lizards
  2 kobolds
27 creatures vanquished.

Notes
Turn   | Place    | Note
-------+----------+-------------------------------------------
     0 | D:1      | Kurtz the Octopode Fighter began the quest for the Orb.
     0 | D:1      | Reached XP level 1. HP: 16/16 MP: 1/1
   170 | D:1      | Found Runu's Distillery.
   398 | D:1      | Reached XP level 2. HP: 21/21 MP: 2/2
   527 | D:2      | Found a glowing golden altar of the Shining One.
   805 | D:2      | Found a faded altar of an unknown god.
  1059 | D:2      | Reached XP level 3. HP: 21/26 MP: 3/3
  1132 | D:2      | Noticed Ijyb
  1140 | D:2      | Killed from afar by Ijyb

Illustrated notes

Levels and vault maps discovered:
D:1:      lemuel_arrival_cross, layout_rooms, serial_shops,
          nicolae_lakefront_shop
D:2:      kennysheep_the_goblin_king, layout_loops_corners, basic_altar,
          hellmonk_ecumenical_altar_slurped_away

Skill      XL: |  1  2 |
---------------+-------+-----
Axes           | 3 |  3.6
Fighting       | |  3.0
Dodging        | |  3.0
Shields        | |  3.0

Action                     || total
---------------------------++-------
  Melee: War axe           ||    40
         Constrict         ||    11
         Tentacles         ||     9
   Stab: Sleeping          ||     5
 Armour: Skin              ||    21
  Dodge: Dodged            ||    23
  Block: Buckler           ||     7

Table legend: (Time is in decaauts)
 A = Elapsed time spent in this place.
 B = Non-inter-level travel time spent in this place.
 C = Inter-level travel time spent in this place.
 D = Time resting spent in this place.
 E = Time spent auto-exploring this place.
 F = Levels seen in this place.
 G = Mean time per level.
                   A        B        C        D        E       F      G
               +--------+--------+--------+--------+--------+-----+--------+
         Total |   1155 |   1146 |      9 |      0 |    990 |   2 |  577.5 |
       Dungeon |   1155 |   1146 |      9 |      0 |    990 |   2 |  577.5 |
               +--------+--------+--------+--------+--------+-----+--------+

Top non-repeatable levels by time:
     D:2: 722 daAuts
     D:1: 433 daAuts
